[ PARTIDA AOE2 · #470251189 ]
UnrankedShu vs Vietnamese
[ ANÁLISIS DE REPETICIÓN · EXTRAÍDO DE LA PARTIDA GRABADA ]
Feudal
13:00
Castillos
17:35
Imperial
35:37
| APM promedio | 32.6 |
| APM pico | 104 |
| eAPM promedio | 16.7 |
| Aldeanos / militares | 112 / 47 |
Foco
⚔️ 28.9% · 🌾 71.1%
Archer ×28 · Skirmisher ×12 · Mangonel ×7 · Fishing Ship ×7 · Unknown (1942) ×6 · Unknown (1959) ×2
Feudal
14:24
Castillos
17:54
Imperial
—
| APM promedio | 32.0 |
| APM pico | 83 |
| eAPM promedio | 17.3 |
| Aldeanos / militares | 97 / 29 |
Foco
⚔️ 28.9% · 🌾 71.1%
Conquistador ×29 · Fishing Ship ×11
Feudal
13:21
Castillos
17:07
Imperial
39:33
| APM promedio | 45.5 |
| APM pico | 89 |
| eAPM promedio | 24.7 |
| Aldeanos / militares | 144 / 105 |
Foco
⚔️ 28.9% · 🌾 71.1%
Rattan Archer ×57 · Fire Lancer ×48 · Fishing Ship ×10 · Trade Cart ×1
Feudal
14:12
Castillos
18:29
Imperial
38:10
| APM promedio | 40.0 |
| APM pico | 87 |
| eAPM promedio | 23.9 |
| Aldeanos / militares | 85 / 17 |
Foco
⚔️ 18.0% · 🌾 82.0%
Fishing Ship ×29 · Camel Scout ×15 · Monk ×1 · Demolition Raft ×1
Feudal
11:41
Castillos
26:25
Imperial
38:32
| APM promedio | 43.5 |
| APM pico | 86 |
| eAPM promedio | 23.2 |
| Aldeanos / militares | 110 / 141 |
Foco
⚔️ 35.6% · 🌾 64.4%
Knight ×86 · Scout Cavalry ×51 · Fishing Ship ×6 · Petard ×4
Feudal
12:48
Castillos
22:41
Imperial
—
| APM promedio | 28.6 |
| APM pico | 61 |
| eAPM promedio | 14.9 |
| Aldeanos / militares | 73 / 22 |
Foco
⚔️ 27.9% · 🌾 72.1%
Fishing Ship ×18 · Fire Galley ×12 · Galley ×10 · Unknown (2626) ×2
Feudal
11:59
Castillos
16:32
Imperial
32:23
| APM promedio | 42.2 |
| APM pico | 76 |
| eAPM promedio | 29.0 |
| Aldeanos / militares | 144 / 31 |
Foco
⚔️ 13.3% · 🌾 86.7%
Camel Scout ×20 · Fishing Ship ×7 · Demolition Raft ×5 · Trebuchet (Packed) ×5 · Ghulam ×1 · Unknown (2626) ×1
Feudal
13:00
Castillos
17:00
Imperial
40:01
| APM promedio | 21.4 |
| APM pico | 45 |
| eAPM promedio | 12.7 |
| Aldeanos / militares | 102 / 86 |
Foco
⚔️ 26.4% · 🌾 73.6%
Skirmisher ×63 · Fishing Ship ×12 · Mangonel ×7 · Spearman ×6 · Scorpion ×5 · Armored Elephant ×4
Mapa de la partida
Recursos iniciales + cada clic de construcción. Líneas = muros · curvas = relieve. ◆ oro · ⬟ piedra · ● bayas · ✦ reliquia · ◌ hueco del cierre
Tu base· Abierta — flanco sin cerrar
Base de Ther· Abierta — hueco de 15t
Base de HousedAt15· Abierta — hueco de 12t
Base de sunSmit· Abierta — flanco sin cerrar
Base de ✩ Lancelot Knight ✩· Abierta — hueco de 4t
Base de SAMEDO· Abierta — hueco de 4t
Base de Cabito1998· Abierta — flanco sin cerrar
Base de Ivan_fan_of_Mafusail· Abierta — hueco de 6t
Terreno inicial suavizado · ◌ = hueco del cierre detectado · pasá el cursor para detalles
Inputs por minuto
— Reinhardlunsen - - Ther
Build order — Reinhardlunsen
Primeras 150 de 315 acciones detectadas
| 0:24 | Construir | Town Center |
| 1:34 | Construir | Palisade Wall |
| 1:37 | Construir | Palisade Wall |
| 1:39 | Construir | Palisade Wall |
| 1:41 | Construir | Palisade Wall |
| 2:42 | Crear | Villager (Male) |
| 2:42 | Crear | Villager (Male) |
| 2:42 | Crear | Villager (Male) |
| 2:44 | Construir | House |
| 2:55 | Construir | Dock |
| 3:01 | Crear | Villager (Male) |
| 4:03 | Crear | Fishing Ship |
| 4:28 | Crear | Villager (Male) |
| 4:46 | Construir | House |
| 4:52 | Crear | Villager (Male) |
| 4:52 | Crear | Villager (Male) |
| 5:24 | Crear | Villager (Male) |
| 5:45 | Crear | Villager (Male) |
| 5:45 | Crear | Villager (Male) |
| 5:48 | Crear | Fishing Ship |
| 5:48 | Crear | Fishing Ship |
| 6:14 | Crear | Villager (Male) |
| 6:15 | Crear | Villager (Male) |
| 6:20 | Construir | House |
| 6:22 | Crear | Villager (Male) |
| 6:22 | Crear | Villager (Male) |
| 7:03 | Investigar | Loom |
| 7:06 | Crear | Villager (Male) |
| 7:07 | Crear | Villager (Male) |
| 7:08 | Crear | Fishing Ship |
| 7:08 | Crear | Fishing Ship |
| 7:25 | Crear | Villager (Male) |
| 7:25 | Crear | Villager (Male) |
| 7:51 | Crear | Villager (Male) |
| 7:52 | Crear | Villager (Male) |
| 8:04 | Crear | Fishing Ship |
| 8:16 | Construir | House |
| 9:13 | Crear | Villager (Male) |
| 9:45 | Construir | Mining Camp |
| 9:47 | Crear | Villager (Male) |
| 10:08 | Crear | Villager (Male) |
| 10:29 | Investigar | Feudal Age |
| 10:29 | Investigar | Feudal Age |
| 10:40 | Construir | Mill |
| 10:57 | Crear | Fishing Ship |
| 11:00 | Construir | House |
| 12:06 | Crear | Villager (Male) |
| 12:07 | Crear | Villager (Male) |
| 12:31 | Construir | Barracks |
| 12:46 | Construir | House |
| 13:00 | Edad | Edad Feudal |
| 13:28 | Construir | Archery Range |
| 13:37 | Crear | Villager (Male) |
| 14:21 | Construir | Blacksmith |
| 14:25 | Crear | Villager (Male) |
| 14:25 | Crear | Villager (Male) |
| 14:53 | Construir | Lumber Camp |
| 14:55 | Investigar | Castle Age |
| 14:55 | Investigar | Castle Age |
| 15:07 | Crear | Archer |
| 15:26 | Investigar | Double-Bit Axe |
| 15:27 | Investigar | Double-Bit Axe |
| 15:36 | Crear | Villager (Male) |
| 15:42 | Crear | Archer |
| 15:43 | Crear | Archer |
| 15:59 | Construir | House |
| 16:10 | Investigar | Fletching |
| 16:10 | Investigar | Fletching |
| 16:18 | Crear | Archer |
| 16:28 | Construir | Archery Range |
| 17:02 | Crear | Archer |
| 17:27 | Crear | Archer |
| 17:27 | Crear | Archer |
| 17:35 | Edad | Edad de los Castillos |
| 17:37 | Investigar | Bodkin Arrow |
| 17:39 | Investigar | Crossbowman (upgrade) |
| 17:40 | Investigar | Crossbowman (upgrade) |
| 17:46 | Crear | Villager (Male) |
| 17:51 | Investigar | Bow Saw |
| 17:51 | Investigar | Bow Saw |
| 17:56 | Construir | Farm |
| 17:56 | Construir | Farm |
| 18:02 | Crear | Archer |
| 18:06 | Construir | House |
| 18:10 | Construir | House |
| 18:26 | Crear | Archer |
| 18:26 | Crear | Archer |
| 18:30 | Investigar | Padded Archer Armor |
| 18:30 | Investigar | Padded Archer Armor |
| 18:33 | Crear | Villager (Male) |
| 18:33 | Crear | Villager (Male) |
| 18:35 | Construir | Farm |
| 18:49 | Crear | Villager (Male) |
| 18:51 | Construir | Farm |
| 18:57 | Crear | Archer |
| 18:58 | Crear | Archer |
| 19:19 | Crear | Villager (Male) |
| 19:23 | Construir | Town Center |
| 19:27 | Crear | Archer |
| 19:27 | Crear | Archer |
| 19:37 | Construir | Farm |
| 19:46 | Construir | Farm |
| 20:10 | Crear | Villager (Male) |
| 20:10 | Crear | Villager (Male) |
| 20:13 | Construir | Farm |
| 20:25 | Crear | Archer |
| 20:25 | Crear | Archer |
| 21:26 | Crear | Archer |
| 21:26 | Crear | Archer |
| 21:28 | Crear | Villager (Male) |
| 21:28 | Crear | Villager (Male) |
| 21:29 | Investigar | Wheelbarrow |
| 21:29 | Investigar | Wheelbarrow |
| 21:36 | Construir | House |
| 21:56 | Construir | Siege Workshop |
| 22:01 | Investigar | Leather Archer Armor |
| 22:01 | Investigar | Leather Archer Armor |
| 22:14 | Crear | Villager (Male) |
| 22:14 | Crear | Villager (Male) |
| 22:26 | Construir | Town Center |
| 22:44 | Construir | Siege Workshop |
| 22:45 | Crear | Villager (Male) |
| 22:45 | Crear | Villager (Male) |
| 23:44 | Crear | Villager (Male) |
| 23:44 | Crear | Villager (Male) |
| 23:44 | Crear | Villager (Male) |
| 23:51 | Construir | Farm |
| 23:53 | Construir | Farm |
| 23:54 | Construir | Farm |
| 23:54 | Construir | Farm |
| 23:56 | Crear | Villager (Male) |
| 23:59 | Crear | Mangonel |
| 23:59 | Crear | Mangonel |
| 24:02 | Construir | House |
| 24:03 | Construir | House |
| 24:18 | Crear | Villager (Male) |
| 24:18 | Crear | Villager (Male) |
| 24:20 | Investigar | Gold Mining |
| 24:20 | Investigar | Gold Mining |
| 24:29 | Construir | Lumber Camp |
| 24:33 | Construir | House |
| 24:43 | Construir | Stone Wall |
| 24:44 | Construir | Stone Wall |
| 24:47 | Construir | Stone Wall |
| 24:48 | Construir | Stone Wall |
| 24:50 | Crear | Villager (Male) |
| 24:50 | Crear | Villager (Male) |
| 25:11 | Crear | Mangonel |
| 25:11 | Crear | Mangonel |
| 25:15 | Crear | Archer |
Build order — Ther
Primeras 150 de 260 acciones detectadas
| 0:30 | Construir | Town Center |
| 0:56 | Construir | Dock |
| 0:58 | Construir | House |
| 2:47 | Crear | Villager (Male) |
| 2:47 | Crear | Villager (Male) |
| 2:47 | Crear | Villager (Male) |
| 2:48 | Crear | Villager (Male) |
| 2:48 | Crear | Villager (Male) |
| 3:45 | Crear | Villager (Male) |
| 3:51 | Crear | Fishing Ship |
| 3:51 | Crear | Fishing Ship |
| 4:11 | Construir | Palisade Wall |
| 4:18 | Construir | Palisade Wall |
| 4:29 | Construir | House |
| 4:54 | Crear | Villager (Male) |
| 4:55 | Crear | Villager (Male) |
| 5:17 | Crear | Villager (Male) |
| 5:17 | Crear | Villager (Male) |
| 5:36 | Crear | Villager (Male) |
| 5:37 | Crear | Villager (Male) |
| 5:53 | Crear | Villager (Male) |
| 5:53 | Crear | Villager (Male) |
| 5:56 | Crear | Fishing Ship |
| 5:56 | Crear | Fishing Ship |
| 6:12 | Construir | House |
| 6:24 | Crear | Villager (Male) |
| 6:24 | Crear | Villager (Male) |
| 6:54 | Crear | Villager (Male) |
| 6:54 | Crear | Villager (Male) |
| 7:04 | Construir | Lumber Camp |
| 7:15 | Construir | Palisade Gate |
| 7:19 | Crear | Villager (Male) |
| 7:20 | Crear | Villager (Male) |
| 7:33 | Crear | Villager (Male) |
| 7:51 | Crear | Fishing Ship |
| 7:51 | Crear | Fishing Ship |
| 7:54 | Construir | House |
| 8:07 | Crear | Villager (Male) |
| 8:08 | Crear | Villager (Male) |
| 8:19 | Construir | Mill |
| 8:35 | Crear | Fishing Ship |
| 8:35 | Crear | Fishing Ship |
| 8:52 | Crear | Villager (Male) |
| 9:25 | Construir | House |
| 9:26 | Construir | Palisade Wall |
| 9:31 | Crear | Villager (Male) |
| 9:31 | Crear | Villager (Male) |
| 9:36 | Crear | Fishing Ship |
| 9:55 | Construir | Palisade Wall |
| 10:10 | Crear | Villager (Male) |
| 10:15 | Construir | Palisade Gate |
| 10:17 | Crear | Fishing Ship |
| 10:35 | Construir | Palisade Wall |
| 10:39 | Crear | Villager (Male) |
| 10:43 | Crear | Fishing Ship |
| 10:51 | Construir | Mining Camp |
| 11:10 | Crear | Villager (Male) |
| 11:11 | Crear | Villager (Male) |
| 11:18 | Investigar | Loom |
| 11:20 | Construir | House |
| 11:24 | Construir | House |
| 11:44 | Construir | Palisade Wall |
| 11:49 | Crear | Villager (Male) |
| 11:50 | Crear | Villager (Male) |
| 11:51 | Crear | Villager (Male) |
| 12:13 | Investigar | Feudal Age |
| 12:19 | Construir | Mining Camp |
| 12:37 | Crear | Villager (Male) |
| 13:03 | Construir | Palisade Gate |
| 13:45 | Construir | House |
| 14:24 | Edad | Edad Feudal |
| 14:27 | Construir | Market |
| 14:35 | Construir | Blacksmith |
| 14:47 | Crear | Villager (Male) |
| 15:09 | Investigar | Castle Age |
| 15:10 | Investigar | Castle Age |
| 15:41 | Investigar | Horse Collar |
| 15:43 | Construir | Farm |
| 15:47 | Construir | Farm |
| 16:06 | Construir | House |
| 16:09 | Crear | Villager (Male) |
| 16:11 | Investigar | Double-Bit Axe |
| 16:42 | Construir | House |
| 16:42 | Construir | House |
| 16:56 | Investigar | Gold Mining |
| 17:54 | Edad | Edad de los Castillos |
| 18:03 | Crear | Villager (Male) |
| 18:09 | Construir | Farm |
| 18:09 | Construir | Farm |
| 18:09 | Construir | Farm |
| 18:28 | Crear | Villager (Male) |
| 18:48 | Construir | Farm |
| 18:49 | Construir | Farm |
| 18:52 | Construir | Farm |
| 18:54 | Investigar | Bow Saw |
| 18:55 | Crear | Villager (Male) |
| 19:20 | Crear | Villager (Male) |
| 20:06 | Construir | Farm |
| 20:09 | Construir | Lumber Camp |
| 20:25 | Construir | Castle |
| 20:28 | Investigar | Wheelbarrow |
| 20:29 | Crear | Villager (Male) |
| 20:29 | Crear | Villager (Male) |
| 20:51 | Construir | Gate |
| 20:55 | Construir | Palisade Gate |
| 21:08 | Construir | Gate |
| 21:38 | Crear | Villager (Male) |
| 21:43 | Crear | Villager (Male) |
| 21:43 | Crear | Villager (Male) |
| 21:51 | Construir | Castle |
| 21:58 | Crear | Villager (Male) |
| 22:08 | Investigar | Heavy Plow |
| 22:23 | Construir | Palisade Gate |
| 22:24 | Construir | House |
| 22:26 | Crear | Villager (Male) |
| 22:56 | Construir | Town Center |
| 23:10 | Construir | House |
| 23:12 | Construir | Palisade Gate |
| 23:16 | Construir | Palisade Gate |
| 23:18 | Construir | Palisade Wall |
| 23:21 | Construir | House |
| 23:23 | Crear | Villager (Male) |
| 23:40 | Crear | Conquistador |
| 23:40 | Crear | Conquistador |
| 23:41 | Crear | Villager (Male) |
| 23:41 | Crear | Villager (Male) |
| 23:52 | Crear | Villager (Male) |
| 23:58 | Crear | Villager (Male) |
| 24:05 | Crear | Conquistador |
| 24:22 | Crear | Villager (Male) |
| 24:27 | Crear | Conquistador |
| 24:31 | Crear | Villager (Male) |
| 24:42 | Crear | Conquistador |
| 25:00 | Crear | Conquistador |
| 25:20 | Construir | Town Center |
| 25:28 | Investigar | Town Watch |
| 25:31 | Crear | Conquistador |
| 25:31 | Crear | Conquistador |
| 25:58 | Crear | Villager (Male) |
| 26:06 | Crear | Villager (Male) |
| 26:22 | Crear | Conquistador |
| 26:22 | Crear | Conquistador |
| 26:23 | Crear | Villager (Male) |
| 26:23 | Crear | Villager (Male) |
| 26:43 | Construir | Lumber Camp |
| 26:45 | Crear | Villager (Male) |
| 26:48 | Crear | Conquistador |
| 27:06 | Crear | Villager (Male) |
| 27:06 | Crear | Villager (Male) |
| 27:09 | Construir | Farm |
Build order — HousedAt15
Primeras 150 de 397 acciones detectadas
| 0:08 | Construir | Town Center |
| 0:37 | Construir | Dock |
| 2:26 | Crear | Villager (Male) |
| 2:26 | Crear | Villager (Male) |
| 2:26 | Crear | Villager (Male) |
| 2:27 | Crear | Villager (Male) |
| 2:27 | Crear | Villager (Male) |
| 3:08 | Investigar | Loom |
| 3:09 | Crear | Villager (Male) |
| 3:10 | Crear | Villager (Male) |
| 3:12 | Crear | Villager (Male) |
| 3:59 | Crear | Fishing Ship |
| 4:11 | Construir | House |
| 4:43 | Crear | Fishing Ship |
| 4:43 | Crear | Fishing Ship |
| 4:55 | Crear | Villager (Male) |
| 5:15 | Crear | Villager (Male) |
| 5:16 | Crear | Villager (Male) |
| 5:34 | Crear | Fishing Ship |
| 5:44 | Crear | Villager (Male) |
| 5:59 | Construir | House |
| 6:03 | Crear | Villager (Male) |
| 6:03 | Crear | Villager (Male) |
| 6:24 | Crear | Villager (Male) |
| 6:24 | Crear | Villager (Male) |
| 6:37 | Crear | Villager (Male) |
| 6:59 | Crear | Fishing Ship |
| 7:10 | Construir | House |
| 7:12 | Crear | Villager (Male) |
| 7:12 | Crear | Villager (Male) |
| 7:34 | Crear | Villager (Male) |
| 7:41 | Crear | Fishing Ship |
| 7:46 | Crear | Villager (Male) |
| 8:11 | Construir | House |
| 8:21 | Crear | Villager (Male) |
| 8:21 | Crear | Villager (Male) |
| 8:25 | Crear | Fishing Ship |
| 8:28 | Construir | House |
| 8:30 | Crear | Villager (Male) |
| 8:40 | Crear | Villager (Male) |
| 8:53 | Construir | House |
| 9:05 | Construir | House |
| 9:15 | Crear | Fishing Ship |
| 9:16 | Construir | House |
| 9:17 | Crear | Villager (Male) |
| 9:46 | Construir | Mining Camp |
| 9:48 | Crear | Villager (Male) |
| 10:01 | Crear | Villager (Male) |
| 10:06 | Crear | Fishing Ship |
| 10:32 | Construir | Mining Camp |
| 10:55 | Investigar | Feudal Age |
| 11:35 | Construir | Mill |
| 11:49 | Crear | Fishing Ship |
| 12:43 | Construir | House |
| 13:21 | Edad | Edad Feudal |
| 13:25 | Investigar | Wheelbarrow |
| 13:25 | Investigar | Wheelbarrow |
| 13:34 | Construir | Market |
| 13:36 | Construir | Blacksmith |
| 13:49 | Crear | Villager (Male) |
| 14:27 | Investigar | Castle Age |
| 14:27 | Investigar | Castle Age |
| 14:44 | Construir | Lumber Camp |
| 15:16 | Investigar | Double-Bit Axe |
| 15:20 | Investigar | Horse Collar |
| 15:42 | Construir | Outpost |
| 15:47 | Investigar | Fletching |
| 15:57 | Investigar | Town Watch |
| 16:15 | Crear | Villager (Male) |
| 16:20 | Construir | Outpost |
| 17:07 | Edad | Edad de los Castillos |
| 17:11 | Construir | Castle |
| 17:16 | Crear | Villager (Male) |
| 17:19 | Investigar | Bodkin Arrow |
| 17:19 | Investigar | Bodkin Arrow |
| 18:04 | Construir | House |
| 18:07 | Construir | House |
| 18:17 | Crear | Rattan Archer |
| 18:17 | Crear | Rattan Archer |
| 18:17 | Crear | Rattan Archer |
| 18:18 | Crear | Villager (Male) |
| 18:24 | Crear | Villager (Male) |
| 18:28 | Construir | Farm |
| 18:29 | Construir | Farm |
| 18:30 | Construir | Farm |
| 18:39 | Crear | Villager (Male) |
| 18:52 | Crear | Rattan Archer |
| 18:53 | Crear | Rattan Archer |
| 18:57 | Crear | Villager (Male) |
| 18:57 | Crear | Villager (Male) |
| 19:14 | Crear | Villager (Male) |
| 19:23 | Crear | Rattan Archer |
| 19:24 | Crear | Rattan Archer |
| 19:24 | Crear | Rattan Archer |
| 19:25 | Crear | Villager (Male) |
| 19:25 | Crear | Villager (Male) |
| 19:35 | Crear | Villager (Male) |
| 19:38 | Construir | House |
| 19:39 | Crear | Rattan Archer |
| 19:39 | Crear | Rattan Archer |
| 20:03 | Crear | Villager (Male) |
| 20:20 | Crear | Villager (Male) |
| 20:21 | Crear | Rattan Archer |
| 20:21 | Crear | Rattan Archer |
| 20:28 | Crear | Villager (Male) |
| 20:29 | Crear | Villager (Male) |
| 20:42 | Construir | Mining Camp |
| 21:08 | Crear | Villager (Male) |
| 21:08 | Crear | Villager (Male) |
| 21:08 | Crear | Villager (Male) |
| 21:25 | Crear | Villager (Male) |
| 21:25 | Crear | Rattan Archer |
| 21:26 | Crear | Rattan Archer |
| 21:46 | Investigar | Padded Archer Armor |
| 21:47 | Investigar | Padded Archer Armor |
| 21:57 | Crear | Villager (Male) |
| 22:08 | Crear | Villager (Male) |
| 22:08 | Crear | Villager (Male) |
| 22:13 | Construir | Farm |
| 22:13 | Construir | Farm |
| 22:13 | Construir | Farm |
| 22:13 | Construir | Farm |
| 22:13 | Construir | Farm |
| 22:14 | Construir | Farm |
| 22:15 | Crear | Villager (Male) |
| 22:17 | Construir | University |
| 22:23 | Construir | House |
| 22:28 | Crear | Villager (Male) |
| 22:30 | Crear | Rattan Archer |
| 22:36 | Investigar | Hand Cart |
| 22:37 | Investigar | Hand Cart |
| 22:53 | Crear | Villager (Male) |
| 22:55 | Construir | House |
| 23:47 | Crear | Villager (Male) |
| 23:47 | Crear | Villager (Male) |
| 23:49 | Crear | Rattan Archer |
| 23:49 | Crear | Rattan Archer |
| 23:49 | Crear | Rattan Archer |
| 23:59 | Crear | Villager (Male) |
| 24:06 | Construir | Town Center |
| 24:37 | Investigar | Ballistics |
| 24:37 | Investigar | Ballistics |
| 24:39 | Investigar | Bow Saw |
| 24:39 | Investigar | Bow Saw |
| 24:53 | Crear | Villager (Male) |
| 24:53 | Crear | Villager (Male) |
| 25:00 | Crear | Rattan Archer |
| 25:01 | Crear | Villager (Male) |
| 25:12 | Crear | Villager (Male) |
| 25:13 | Crear | Villager (Male) |
Build order — sunSmit
Primeras 150 de 224 acciones detectadas
| 0:35 | Construir | Town Center |
| 1:10 | Construir | Dock |
| 1:21 | Construir | Palisade Wall |
| 1:23 | Construir | Palisade Wall |
| 1:29 | Construir | House |
| 2:44 | Crear | Villager (Male) |
| 2:45 | Crear | Villager (Male) |
| 2:45 | Crear | Villager (Male) |
| 2:45 | Crear | Villager (Male) |
| 2:46 | Crear | Villager (Male) |
| 3:02 | Crear | Fishing Ship |
| 4:13 | Crear | Fishing Ship |
| 4:29 | Construir | House |
| 4:44 | Crear | Villager (Male) |
| 4:45 | Crear | Villager (Male) |
| 4:46 | Investigar | Loom |
| 5:10 | Crear | Villager (Male) |
| 5:10 | Crear | Villager (Male) |
| 5:29 | Construir | House |
| 5:44 | Crear | Villager (Male) |
| 6:07 | Crear | Fishing Ship |
| 6:07 | Crear | Fishing Ship |
| 6:15 | Crear | Villager (Male) |
| 6:15 | Crear | Villager (Male) |
| 6:29 | Crear | Villager (Male) |
| 6:56 | Construir | House |
| 7:01 | Crear | Villager (Male) |
| 7:31 | Crear | Villager (Male) |
| 7:33 | Crear | Fishing Ship |
| 7:47 | Construir | House |
| 7:52 | Crear | Villager (Male) |
| 8:20 | Construir | Palisade Wall |
| 8:21 | Construir | Palisade Gate |
| 8:26 | Crear | Villager (Male) |
| 8:30 | Construir | Palisade Gate |
| 8:37 | Construir | House |
| 8:45 | Crear | Fishing Ship |
| 8:46 | Crear | Villager (Male) |
| 8:53 | Construir | House |
| 8:56 | Construir | House |
| 8:57 | Construir | Palisade Wall |
| 9:06 | Crear | Villager (Male) |
| 9:36 | Construir | Mill |
| 9:37 | Crear | Villager (Male) |
| 9:51 | Crear | Villager (Male) |
| 10:07 | Construir | Lumber Camp |
| 10:18 | Crear | Villager (Male) |
| 10:41 | Crear | Villager (Male) |
| 10:43 | Crear | Fishing Ship |
| 11:11 | Crear | Villager (Male) |
| 11:15 | Construir | Mill |
| 11:40 | Crear | Villager (Male) |
| 12:01 | Construir | Mining Camp |
| 12:08 | Investigar | Feudal Age |
| 12:09 | Investigar | Feudal Age |
| 12:19 | Construir | Outpost |
| 12:27 | Construir | Outpost |
| 12:29 | Construir | Outpost |
| 12:36 | Crear | Fishing Ship |
| 12:47 | Construir | Outpost |
| 13:17 | Crear | Villager (Male) |
| 13:17 | Crear | Villager (Male) |
| 13:36 | Construir | Outpost |
| 14:05 | Construir | Mill |
| 14:12 | Edad | Edad Feudal |
| 14:18 | Construir | Outpost |
| 14:37 | Construir | Market |
| 14:44 | Crear | Villager (Male) |
| 14:57 | Crear | Demolition Raft |
| 15:10 | Construir | Outpost |
| 15:21 | Construir | Blacksmith |
| 15:24 | Crear | Villager (Male) |
| 16:04 | Investigar | Castle Age |
| 16:04 | Investigar | Castle Age |
| 16:05 | Investigar | Double-Bit Axe |
| 16:27 | Construir | Outpost |
| 17:10 | Construir | House |
| 17:20 | Crear | Villager (Male) |
| 18:29 | Edad | Edad de los Castillos |
| 18:35 | Construir | Town Center |
| 18:50 | Construir | Town Center |
| 19:13 | Construir | Town Center |
| 19:33 | Construir | Palisade Wall |
| 19:43 | Construir | Palisade Wall |
| 21:00 | Construir | Town Center |
| 21:12 | Crear | Villager (Male) |
| 21:12 | Crear | Villager (Male) |
| 21:36 | Crear | Villager (Male) |
| 21:37 | Crear | Villager (Male) |
| 21:37 | Crear | Villager (Male) |
| 21:46 | Crear | Villager (Male) |
| 21:47 | Crear | Villager (Male) |
| 23:19 | Crear | Villager (Male) |
| 23:19 | Crear | Villager (Male) |
| 23:19 | Crear | Villager (Male) |
| 23:20 | Crear | Villager (Male) |
| 23:20 | Crear | Villager (Male) |
| 23:20 | Crear | Villager (Male) |
| 23:21 | Crear | Villager (Male) |
| 23:36 | Crear | Villager (Male) |
| 23:37 | Crear | Villager (Male) |
| 23:46 | Construir | Lumber Camp |
| 23:55 | Construir | House |
| 23:56 | Construir | House |
| 23:58 | Construir | House |
| 24:09 | Construir | Mill |
| 24:58 | Investigar | Tech 906 |
| 25:06 | Crear | Fishing Ship |
| 25:06 | Crear | Fishing Ship |
| 25:07 | Crear | Fishing Ship |
| 25:07 | Crear | Fishing Ship |
| 25:18 | Crear | Villager (Male) |
| 25:18 | Crear | Villager (Male) |
| 25:18 | Crear | Villager (Male) |
| 25:19 | Crear | Villager (Male) |
| 25:41 | Construir | Lumber Camp |
| 26:21 | Crear | Fishing Ship |
| 26:21 | Crear | Fishing Ship |
| 26:22 | Crear | Fishing Ship |
| 26:26 | Construir | House |
| 26:27 | Construir | House |
| 27:04 | Construir | Town Center |
| 27:09 | Construir | Outpost |
| 27:12 | Construir | Outpost |
| 27:14 | Investigar | Town Watch |
| 27:26 | Investigar | Town Watch |
| 27:29 | Investigar | Wheelbarrow |
| 27:32 | Crear | Villager (Male) |
| 27:32 | Crear | Villager (Male) |
| 27:33 | Crear | Villager (Male) |
| 27:33 | Crear | Villager (Male) |
| 28:02 | Construir | Town Center |
| 28:50 | Construir | House |
| 28:52 | Construir | House |
| 28:54 | Construir | House |
| 28:56 | Construir | House |
| 30:01 | Construir | Town Center |
| 30:07 | Crear | Villager (Male) |
| 30:08 | Crear | Villager (Male) |
| 30:28 | Construir | Dock |
| 30:36 | Construir | Dock |
| 30:42 | Crear | Fishing Ship |
| 30:42 | Crear | Fishing Ship |
| 30:43 | Crear | Fishing Ship |
| 30:45 | Crear | Villager (Male) |
| 30:46 | Crear | Villager (Male) |
| 30:46 | Crear | Villager (Male) |
| 30:51 | Crear | Villager (Male) |
| 31:27 | Crear | Fishing Ship |
| 31:27 | Crear | Fishing Ship |
Build order — ✩ Lancelot Knight ✩
Primeras 150 de 420 acciones detectadas
| 0:39 | Construir | Town Center |
| 1:14 | Construir | Dock |
| 2:50 | Crear | Villager (Male) |
| 2:50 | Crear | Villager (Male) |
| 2:51 | Crear | Villager (Male) |
| 2:51 | Crear | Villager (Male) |
| 3:49 | Crear | Fishing Ship |
| 3:49 | Crear | Fishing Ship |
| 3:54 | Crear | Villager (Male) |
| 3:55 | Crear | Villager (Male) |
| 4:39 | Construir | House |
| 4:44 | Crear | Villager (Male) |
| 4:44 | Crear | Villager (Male) |
| 5:14 | Crear | Villager (Male) |
| 5:15 | Crear | Villager (Male) |
| 5:31 | Crear | Fishing Ship |
| 5:41 | Crear | Villager (Male) |
| 5:41 | Crear | Villager (Male) |
| 6:01 | Construir | House |
| 6:05 | Construir | House |
| 6:09 | Crear | Villager (Male) |
| 6:10 | Crear | Villager (Male) |
| 6:27 | Crear | Fishing Ship |
| 6:32 | Crear | Villager (Male) |
| 6:33 | Crear | Villager (Male) |
| 6:41 | Construir | House |
| 6:50 | Crear | Villager (Male) |
| 6:50 | Crear | Villager (Male) |
| 7:11 | Crear | Fishing Ship |
| 7:11 | Crear | Fishing Ship |
| 7:17 | Crear | Villager (Male) |
| 7:17 | Crear | Villager (Male) |
| 7:21 | Construir | House |
| 7:44 | Crear | Villager (Male) |
| 7:44 | Crear | Villager (Male) |
| 7:44 | Crear | Villager (Male) |
| 8:38 | Construir | Mill |
| 8:46 | Investigar | Loom |
| 9:31 | Investigar | Feudal Age |
| 9:31 | Investigar | Feudal Age |
| 10:47 | Crear | Villager (Male) |
| 11:02 | Construir | Barracks |
| 11:41 | Edad | Edad Feudal |
| 11:56 | Construir | Town Center |
| 12:02 | Crear | Villager (Male) |
| 12:21 | Crear | Villager (Male) |
| 12:21 | Crear | Villager (Male) |
| 12:43 | Construir | House |
| 13:12 | Crear | Villager (Male) |
| 13:16 | Construir | Lumber Camp |
| 13:23 | Crear | Villager (Male) |
| 13:34 | Crear | Villager (Male) |
| 13:39 | Investigar | Double-Bit Axe |
| 13:40 | Investigar | Double-Bit Axe |
| 13:49 | Crear | Villager (Male) |
| 13:50 | Crear | Villager (Male) |
| 14:12 | Crear | Villager (Male) |
| 14:13 | Crear | Villager (Male) |
| 14:35 | Construir | Stable |
| 14:40 | Crear | Villager (Male) |
| 14:43 | Investigar | Horse Collar |
| 14:43 | Investigar | Horse Collar |
| 14:48 | Crear | Villager (Male) |
| 15:03 | Construir | Blacksmith |
| 15:15 | Crear | Villager (Male) |
| 15:15 | Crear | Villager (Male) |
| 15:28 | Crear | Villager (Male) |
| 15:32 | Construir | House |
| 15:34 | Construir | House |
| 15:34 | Construir | House |
| 15:41 | Crear | Villager (Male) |
| 15:54 | Construir | Farm |
| 15:55 | Construir | Farm |
| 16:01 | Crear | Scout Cavalry |
| 16:02 | Crear | Scout Cavalry |
| 16:06 | Crear | Villager (Male) |
| 16:09 | Construir | Farm |
| 16:10 | Construir | Farm |
| 16:10 | Construir | Farm |
| 16:10 | Construir | Farm |
| 16:10 | Construir | Farm |
| 16:11 | Construir | Farm |
| 16:16 | Construir | Farm |
| 16:20 | Construir | Farm |
| 16:23 | Construir | Farm |
| 16:26 | Crear | Villager (Male) |
| 16:26 | Crear | Villager (Male) |
| 16:35 | Crear | Villager (Male) |
| 17:00 | Crear | Villager (Male) |
| 17:01 | Crear | Villager (Male) |
| 17:03 | Crear | Scout Cavalry |
| 17:03 | Crear | Scout Cavalry |
| 17:10 | Construir | House |
| 17:15 | Construir | House |
| 17:16 | Construir | House |
| 17:16 | Construir | House |
| 17:25 | Crear | Scout Cavalry |
| 17:29 | Investigar | Forging |
| 17:29 | Investigar | Forging |
| 17:31 | Crear | Villager (Male) |
| 17:46 | Construir | Farm |
| 17:49 | Construir | Farm |
| 17:53 | Crear | Villager (Male) |
| 17:53 | Crear | Villager (Male) |
| 17:56 | Construir | Farm |
| 17:58 | Construir | Farm |
| 18:08 | Construir | Farm |
| 18:10 | Crear | Villager (Male) |
| 18:12 | Crear | Scout Cavalry |
| 18:12 | Crear | Scout Cavalry |
| 18:23 | Construir | House |
| 18:24 | Construir | House |
| 18:32 | Investigar | Wheelbarrow |
| 18:33 | Investigar | Wheelbarrow |
| 18:33 | Crear | Villager (Male) |
| 18:39 | Crear | Villager (Male) |
| 18:55 | Crear | Scout Cavalry |
| 18:58 | Construir | Farm |
| 19:09 | Crear | Villager (Male) |
| 19:17 | Construir | House |
| 19:18 | Construir | House |
| 19:20 | Construir | House |
| 19:41 | Crear | Scout Cavalry |
| 19:42 | Crear | Villager (Male) |
| 19:43 | Crear | Villager (Male) |
| 19:51 | Crear | Villager (Male) |
| 20:01 | Crear | Villager (Male) |
| 20:09 | Crear | Scout Cavalry |
| 20:10 | Crear | Villager (Male) |
| 20:11 | Crear | Villager (Male) |
| 20:20 | Crear | Villager (Male) |
| 20:31 | Crear | Scout Cavalry |
| 20:32 | Crear | Villager (Male) |
| 20:33 | Crear | Villager (Male) |
| 20:37 | Construir | Mill |
| 20:41 | Crear | Villager (Male) |
| 20:43 | Investigar | Scale Barding Armor |
| 20:43 | Investigar | Scale Barding Armor |
| 20:45 | Crear | Villager (Male) |
| 20:49 | Construir | Palisade Gate |
| 20:57 | Construir | Mining Camp |
| 20:59 | Crear | Scout Cavalry |
| 21:08 | Crear | Scout Cavalry |
| 21:22 | Crear | Scout Cavalry |
| 21:36 | Construir | Mining Camp |
| 22:04 | Crear | Villager (Male) |
| 22:04 | Crear | Villager (Male) |
| 22:17 | Construir | Market |
| 22:22 | Crear | Villager (Male) |
| 22:22 | Crear | Villager (Male) |
Build order — SAMEDO
Primeras 150 de 201 acciones detectadas
| 0:16 | Construir | Town Center |
| 0:28 | Construir | Dock |
| 0:31 | Construir | Palisade Wall |
| 0:33 | Construir | Palisade Wall |
| 0:50 | Construir | House |
| 2:36 | Crear | Villager (Male) |
| 2:37 | Crear | Villager (Male) |
| 2:37 | Crear | Villager (Male) |
| 2:37 | Crear | Villager (Male) |
| 2:38 | Crear | Villager (Male) |
| 3:14 | Crear | Villager (Male) |
| 4:12 | Construir | House |
| 4:16 | Crear | Fishing Ship |
| 4:35 | Investigar | Loom |
| 5:03 | Construir | House |
| 5:10 | Crear | Villager (Male) |
| 5:10 | Crear | Villager (Male) |
| 5:11 | Crear | Villager (Male) |
| 5:34 | Crear | Villager (Male) |
| 5:56 | Crear | Villager (Male) |
| 6:13 | Crear | Villager (Male) |
| 6:14 | Crear | Fishing Ship |
| 6:15 | Crear | Fishing Ship |
| 6:53 | Crear | Villager (Male) |
| 6:53 | Crear | Villager (Male) |
| 6:53 | Crear | Villager (Male) |
| 7:09 | Crear | Fishing Ship |
| 7:52 | Construir | House |
| 8:00 | Crear | Villager (Male) |
| 8:05 | Crear | Fishing Ship |
| 8:06 | Crear | Fishing Ship |
| 8:36 | Crear | Villager (Male) |
| 8:48 | Crear | Villager (Male) |
| 9:30 | Crear | Villager (Male) |
| 9:54 | Construir | Settlement |
| 10:03 | Crear | Villager (Male) |
| 10:27 | Crear | Fishing Ship |
| 10:38 | Investigar | Feudal Age |
| 11:12 | Crear | Villager (Male) |
| 11:36 | Construir | Dock |
| 12:33 | Construir | Dock |
| 12:44 | Crear | Villager (Male) |
| 12:47 | Construir | House |
| 12:48 | Edad | Edad Feudal |
| 12:50 | Construir | House |
| 12:58 | Crear | Fire Galley |
| 12:58 | Crear | Fire Galley |
| 12:58 | Crear | Fire Galley |
| 13:16 | Investigar | Double-Bit Axe |
| 13:19 | Crear | Villager (Male) |
| 13:24 | Crear | Fire Galley |
| 14:04 | Crear | Fire Galley |
| 14:04 | Crear | Fire Galley |
| 14:05 | Crear | Fire Galley |
| 14:05 | Crear | Villager (Male) |
| 14:06 | Crear | Villager (Male) |
| 14:06 | Crear | Villager (Male) |
| 14:26 | Crear | Fire Galley |
| 14:27 | Crear | Villager (Male) |
| 14:28 | Crear | Villager (Male) |
| 14:36 | Construir | Blacksmith |
| 14:51 | Construir | Settlement |
| 14:55 | Crear | Villager (Male) |
| 15:05 | Crear | Unit 2626 |
| 15:42 | Crear | Unit 2626 |
| 15:43 | Crear | Fire Galley |
| 15:43 | Crear | Fire Galley |
| 16:14 | Crear | Fire Galley |
| 16:14 | Crear | Fire Galley |
| 16:21 | Crear | Villager (Male) |
| 16:21 | Crear | Villager (Male) |
| 17:06 | Crear | Villager (Male) |
| 17:36 | Crear | Villager (Male) |
| 17:38 | Crear | Fishing Ship |
| 17:39 | Crear | Fishing Ship |
| 17:39 | Crear | Fishing Ship |
| 17:40 | Crear | Fishing Ship |
| 17:41 | Crear | Fishing Ship |
| 17:41 | Crear | Fishing Ship |
| 17:43 | Construir | House |
| 17:44 | Construir | House |
| 18:32 | Construir | Market |
| 18:39 | Construir | House |
| 18:40 | Construir | House |
| 18:42 | Construir | House |
| 18:58 | Crear | Fishing Ship |
| 19:02 | Crear | Villager (Male) |
| 19:36 | Crear | Villager (Male) |
| 19:49 | Investigar | Castle Age |
| 20:34 | Crear | Villager (Male) |
| 20:45 | Crear | Galley |
| 20:46 | Crear | Galley |
| 20:46 | Crear | Galley |
| 20:46 | Crear | Galley |
| 20:47 | Crear | Galley |
| 20:47 | Crear | Galley |
| 20:58 | Investigar | Fletching |
| 20:58 | Investigar | Fletching |
| 21:24 | Crear | Villager (Male) |
| 21:25 | Crear | Villager (Male) |
| 21:31 | Construir | Settlement |
| 22:11 | Crear | Galley |
| 22:12 | Crear | Galley |
| 22:12 | Crear | Galley |
| 22:12 | Crear | Galley |
| 22:28 | Crear | Villager (Male) |
| 22:35 | Investigar | Horse Collar |
| 22:35 | Investigar | Gold Mining |
| 22:39 | Crear | Villager (Male) |
| 22:41 | Edad | Edad de los Castillos |
| 22:52 | Construir | Town Center |
| 22:57 | Investigar | War Galley (upgrade) |
| 23:09 | Investigar | Bodkin Arrow |
| 23:09 | Investigar | Bodkin Arrow |
| 23:49 | Construir | Dock |
| 23:54 | Crear | Villager (Male) |
| 23:54 | Crear | Villager (Male) |
| 24:07 | Construir | Town Center |
| 24:39 | Investigar | Tech 906 |
| 24:42 | Crear | Fishing Ship |
| 24:42 | Crear | Fishing Ship |
| 24:42 | Crear | Fishing Ship |
| 24:42 | Crear | Fishing Ship |
| 25:03 | Construir | Farm |
| 25:03 | Construir | Farm |
| 25:03 | Construir | Farm |
| 25:04 | Construir | Farm |
| 25:04 | Construir | Farm |
| 25:40 | Crear | Villager (Male) |
| 25:40 | Crear | Villager (Male) |
| 25:45 | Investigar | Gillnets |
| 25:50 | Construir | Farm |
| 25:51 | Construir | Farm |
| 25:53 | Construir | Farm |
| 26:31 | Crear | Villager (Male) |
| 26:31 | Crear | Villager (Male) |
| 26:32 | Construir | Farm |
| 26:55 | Investigar | Wheelbarrow |
| 26:56 | Investigar | Town Watch |
| 26:57 | Crear | Villager (Male) |
| 26:57 | Crear | Villager (Male) |
| 27:00 | Construir | Farm |
| 27:00 | Construir | Farm |
| 27:03 | Construir | Farm |
| 27:03 | Construir | Farm |
| 27:05 | Crear | Villager (Male) |
| 27:06 | Crear | Villager (Male) |
| 27:12 | Crear | Villager (Male) |
| 27:12 | Crear | Villager (Male) |
| 27:35 | Crear | Villager (Male) |
Build order — Cabito1998
Primeras 150 de 328 acciones detectadas
| 0:11 | Construir | House |
| 0:17 | Construir | Town Center |
| 1:22 | Construir | Dock |
| 2:32 | Crear | Villager (Male) |
| 2:32 | Crear | Villager (Male) |
| 2:32 | Crear | Villager (Male) |
| 2:33 | Crear | Villager (Male) |
| 3:26 | Crear | Villager (Male) |
| 3:37 | Investigar | Loom |
| 3:37 | Investigar | Loom |
| 3:56 | Crear | Fishing Ship |
| 4:30 | Crear | Fishing Ship |
| 5:02 | Crear | Villager (Male) |
| 5:22 | Crear | Villager (Male) |
| 5:35 | Crear | Fishing Ship |
| 5:52 | Crear | Villager (Male) |
| 5:52 | Crear | Villager (Male) |
| 6:06 | Construir | House |
| 6:31 | Crear | Villager (Male) |
| 6:31 | Crear | Villager (Male) |
| 6:43 | Crear | Villager (Male) |
| 6:50 | Crear | Fishing Ship |
| 7:07 | Crear | Villager (Male) |
| 7:09 | Construir | House |
| 7:18 | Crear | Villager (Male) |
| 7:47 | Construir | Mill |
| 8:21 | Crear | Fishing Ship |
| 8:22 | Crear | Villager (Male) |
| 8:23 | Crear | Villager (Male) |
| 9:02 | Crear | Villager (Male) |
| 9:04 | Crear | Fishing Ship |
| 9:27 | Construir | House |
| 9:49 | Investigar | Feudal Age |
| 10:27 | Construir | Mining Camp |
| 10:52 | Crear | Fishing Ship |
| 11:01 | Construir | House |
| 11:07 | Crear | Villager (Male) |
| 11:59 | Edad | Edad Feudal |
| 12:03 | Construir | Market |
| 12:13 | Crear | Villager (Male) |
| 12:14 | Crear | Villager (Male) |
| 12:14 | Crear | Villager (Male) |
| 12:15 | Crear | Villager (Male) |
| 12:54 | Construir | Blacksmith |
| 13:40 | Construir | House |
| 13:41 | Construir | House |
| 13:53 | Investigar | Castle Age |
| 13:55 | Construir | House |
| 13:56 | Construir | House |
| 14:06 | Construir | Lumber Camp |
| 14:21 | Construir | House |
| 15:13 | Crear | Demolition Raft |
| 15:13 | Crear | Demolition Raft |
| 15:26 | Construir | House |
| 15:34 | Crear | Demolition Raft |
| 16:15 | Construir | House |
| 16:32 | Edad | Edad de los Castillos |
| 16:41 | Construir | Town Center |
| 16:43 | Crear | Villager (Male) |
| 16:43 | Crear | Villager (Male) |
| 16:52 | Crear | Demolition Raft |
| 16:58 | Construir | House |
| 17:06 | Crear | Villager (Male) |
| 17:56 | Crear | Villager (Male) |
| 17:56 | Crear | Villager (Male) |
| 18:01 | Construir | Town Center |
| 18:02 | Crear | Villager (Male) |
| 18:05 | Construir | Farm |
| 18:06 | Crear | Villager (Male) |
| 18:07 | Crear | Villager (Male) |
| 18:10 | Construir | Farm |
| 18:16 | Construir | Farm |
| 18:19 | Crear | Villager (Male) |
| 18:50 | Crear | Villager (Male) |
| 18:51 | Construir | Farm |
| 18:54 | Construir | Farm |
| 18:56 | Crear | Villager (Male) |
| 18:56 | Crear | Villager (Male) |
| 19:21 | Crear | Unit 2626 |
| 19:26 | Crear | Villager (Male) |
| 19:27 | Construir | Farm |
| 19:31 | Crear | Villager (Male) |
| 19:39 | Crear | Villager (Male) |
| 19:40 | Crear | Villager (Male) |
| 19:55 | Construir | Farm |
| 20:00 | Construir | Farm |
| 20:05 | Crear | Villager (Male) |
| 20:05 | Crear | Villager (Male) |
| 20:05 | Crear | Villager (Male) |
| 20:09 | Construir | Farm |
| 20:21 | Construir | Farm |
| 20:23 | Crear | Villager (Male) |
| 20:25 | Crear | Villager (Male) |
| 20:30 | Crear | Villager (Male) |
| 20:45 | Crear | Villager (Male) |
| 20:45 | Crear | Villager (Male) |
| 20:46 | Crear | Villager (Male) |
| 20:49 | Crear | Villager (Male) |
| 20:51 | Construir | Farm |
| 21:16 | Construir | Farm |
| 21:20 | Construir | Farm |
| 21:21 | Crear | Villager (Male) |
| 21:22 | Crear | Villager (Male) |
| 21:22 | Crear | Villager (Male) |
| 21:47 | Crear | Villager (Male) |
| 21:48 | Crear | Villager (Male) |
| 21:50 | Construir | Farm |
| 21:50 | Construir | Farm |
| 21:52 | Crear | Villager (Male) |
| 21:53 | Crear | Villager (Male) |
| 21:53 | Crear | Villager (Male) |
| 21:53 | Crear | Villager (Male) |
| 21:58 | Crear | Villager (Male) |
| 22:14 | Construir | Farm |
| 22:17 | Investigar | Double-Bit Axe |
| 22:30 | Construir | Farm |
| 22:32 | Crear | Villager (Male) |
| 22:37 | Crear | Villager (Male) |
| 22:38 | Crear | Villager (Male) |
| 22:42 | Construir | Farm |
| 22:43 | Crear | Villager (Male) |
| 22:44 | Crear | Villager (Male) |
| 22:58 | Crear | Villager (Male) |
| 22:59 | Crear | Villager (Male) |
| 23:02 | Construir | Farm |
| 23:03 | Construir | Farm |
| 23:14 | Crear | Villager (Male) |
| 23:14 | Crear | Villager (Male) |
| 23:18 | Construir | Farm |
| 23:23 | Construir | House |
| 23:24 | Construir | House |
| 23:32 | Construir | House |
| 23:40 | Crear | Demolition Raft |
| 23:46 | Crear | Villager (Male) |
| 23:46 | Crear | Villager (Male) |
| 23:47 | Crear | Villager (Male) |
| 23:47 | Crear | Villager (Male) |
| 23:48 | Crear | Villager (Male) |
| 24:05 | Crear | Villager (Male) |
| 24:06 | Crear | Villager (Male) |
| 24:06 | Crear | Villager (Male) |
| 24:34 | Construir | Town Center |
| 24:42 | Crear | Villager (Male) |
| 24:43 | Crear | Villager (Male) |
| 24:43 | Crear | Villager (Male) |
| 24:46 | Investigar | Bow Saw |
| 24:48 | Crear | Villager (Male) |
| 25:08 | Construir | Lumber Camp |
| 25:09 | Crear | Villager (Male) |
| 25:10 | Crear | Villager (Male) |
Build order — Ivan_fan_of_Mafusail
Primeras 150 de 304 acciones detectadas
| 0:04 | Construir | Town Center |
| 0:50 | Construir | Dock |
| 2:30 | Crear | Villager (Male) |
| 2:30 | Crear | Villager (Male) |
| 2:30 | Crear | Villager (Male) |
| 2:31 | Crear | Villager (Male) |
| 2:31 | Crear | Villager (Male) |
| 3:25 | Crear | Fishing Ship |
| 3:37 | Crear | Villager (Male) |
| 4:20 | Crear | Fishing Ship |
| 4:31 | Construir | House |
| 4:50 | Investigar | Loom |
| 5:25 | Crear | Villager (Male) |
| 5:25 | Crear | Villager (Male) |
| 5:27 | Crear | Fishing Ship |
| 6:03 | Crear | Villager (Male) |
| 6:03 | Crear | Villager (Male) |
| 6:25 | Crear | Fishing Ship |
| 6:34 | Crear | Villager (Male) |
| 6:35 | Crear | Villager (Male) |
| 6:39 | Construir | House |
| 6:59 | Crear | Villager (Male) |
| 7:20 | Crear | Villager (Male) |
| 7:22 | Crear | Fishing Ship |
| 7:22 | Crear | Fishing Ship |
| 7:45 | Crear | Villager (Male) |
| 7:45 | Crear | Villager (Male) |
| 7:51 | Construir | House |
| 8:19 | Crear | Fishing Ship |
| 8:43 | Crear | Villager (Male) |
| 8:50 | Crear | Fishing Ship |
| 9:10 | Crear | Villager (Male) |
| 9:27 | Construir | Mill |
| 9:31 | Crear | Villager (Male) |
| 9:39 | Construir | House |
| 10:06 | Crear | Villager (Male) |
| 10:14 | Crear | Fishing Ship |
| 10:43 | Construir | Mining Camp |
| 10:50 | Investigar | Feudal Age |
| 11:10 | Construir | House |
| 11:15 | Crear | Fishing Ship |
| 11:31 | Crear | Fishing Ship |
| 12:36 | Crear | Villager (Male) |
| 12:36 | Crear | Villager (Male) |
| 13:00 | Edad | Edad Feudal |
| 13:03 | Construir | Market |
| 13:05 | Construir | Blacksmith |
| 13:23 | Construir | House |
| 14:20 | Investigar | Castle Age |
| 14:25 | Construir | Lumber Camp |
| 14:37 | Construir | House |
| 15:11 | Investigar | Gold Mining |
| 15:14 | Investigar | Double-Bit Axe |
| 15:24 | Investigar | Tech 906 |
| 15:24 | Investigar | Tech 906 |
| 15:40 | Crear | Fishing Ship |
| 16:17 | Construir | Barracks |
| 16:53 | Investigar | Town Watch |
| 16:56 | Crear | Villager (Male) |
| 16:57 | Crear | Villager (Male) |
| 17:00 | Edad | Edad de los Castillos |
| 17:00 | Investigar | Bow Saw |
| 17:01 | Investigar | Bow Saw |
| 17:12 | Construir | Siege Workshop |
| 17:20 | Crear | Spearman |
| 17:20 | Crear | Spearman |
| 17:20 | Crear | Spearman |
| 17:33 | Construir | Siege Workshop |
| 17:52 | Investigar | Pikeman (upgrade) |
| 18:00 | Crear | Villager (Male) |
| 18:15 | Construir | Town Center |
| 18:22 | Crear | Mangonel |
| 18:22 | Crear | Mangonel |
| 18:33 | Investigar | Scale Mail Armor |
| 18:48 | Crear | Spearman |
| 18:54 | Crear | Villager (Male) |
| 18:54 | Crear | Villager (Male) |
| 19:26 | Crear | Mangonel |
| 19:59 | Crear | Villager (Male) |
| 19:59 | Crear | Villager (Male) |
| 20:12 | Construir | House |
| 20:19 | Construir | Palisade Wall |
| 20:21 | Crear | Villager (Male) |
| 20:21 | Crear | Villager (Male) |
| 20:42 | Crear | Spearman |
| 20:42 | Crear | Spearman |
| 21:17 | Construir | Farm |
| 21:18 | Construir | Farm |
| 21:26 | Investigar | Horse Collar |
| 21:26 | Investigar | Horse Collar |
| 21:48 | Crear | Mangonel |
| 21:50 | Crear | Villager (Male) |
| 21:50 | Crear | Villager (Male) |
| 21:58 | Construir | Monastery |
| 22:19 | Construir | Farm |
| 22:21 | Crear | Villager (Male) |
| 22:39 | Construir | House |
| 23:06 | Investigar | Wheelbarrow |
| 23:15 | Crear | Mangonel |
| 23:19 | Crear | Scorpion |
| 23:35 | Crear | Villager (Male) |
| 23:36 | Crear | Villager (Male) |
| 23:40 | Crear | Villager (Male) |
| 23:40 | Crear | Villager (Male) |
| 23:45 | Construir | Farm |
| 23:48 | Construir | Farm |
| 24:16 | Crear | Villager (Male) |
| 24:29 | Construir | Town Center |
| 24:57 | Crear | Monk |
| 25:24 | Crear | Mangonel |
| 25:24 | Crear | Mangonel |
| 25:36 | Construir | House |
| 25:55 | Crear | Villager (Male) |
| 25:55 | Crear | Villager (Male) |
| 25:56 | Crear | Villager (Male) |
| 25:56 | Crear | Villager (Male) |
| 25:57 | Crear | Villager (Male) |
| 25:57 | Crear | Villager (Male) |
| 25:58 | Crear | Villager (Male) |
| 26:17 | Crear | Villager (Male) |
| 26:20 | Crear | Villager (Male) |
| 26:49 | Crear | Villager (Male) |
| 26:50 | Crear | Villager (Male) |
| 26:51 | Crear | Villager (Male) |
| 26:55 | Construir | Farm |
| 26:55 | Construir | Farm |
| 26:55 | Construir | Farm |
| 26:56 | Construir | Farm |
| 26:56 | Construir | Farm |
| 26:56 | Construir | Farm |
| 27:05 | Construir | Farm |
| 27:05 | Construir | Farm |
| 27:05 | Construir | Farm |
| 27:06 | Construir | Farm |
| 27:06 | Construir | Farm |
| 27:10 | Crear | Villager (Male) |
| 27:32 | Construir | House |
| 27:41 | Crear | Villager (Male) |
| 27:41 | Crear | Villager (Male) |
| 27:46 | Construir | Farm |
| 27:47 | Construir | Farm |
| 27:49 | Construir | Farm |
| 27:59 | Construir | Farm |
| 27:59 | Construir | Farm |
| 28:00 | Construir | Farm |
| 28:00 | Construir | Farm |
| 28:00 | Construir | Farm |
| 28:00 | Construir | Farm |
| 28:01 | Construir | Farm |
| 28:06 | Crear | Villager (Male) |
Cronología de la partida
| 0:28 | SAMEDO · first_building Dock |
| 0:31 | SAMEDO · wall_segment Palisade Wall x1 |
| 0:33 | SAMEDO · wall_segment Palisade Wall x1 |
| 0:37 | HousedAt15 · first_building Dock |
| 0:50 | Ivan_fan_of_Mafusail · first_building Dock |
| 0:56 | Ther · first_building Dock |
| 1:10 | sunSmit · first_building Dock |
| 1:14 | ✩ Lancelot Knight ✩ · first_building Dock |
| 1:21 | sunSmit · wall_segment Palisade Wall x1 |
| 1:22 | Cabito1998 · first_building Dock |
| 1:23 | sunSmit · wall_segment Palisade Wall x1 |
| 1:34 | Reinhardlunsen · wall_segment Palisade Wall x1 |
| 1:37 | Reinhardlunsen · wall_segment Palisade Wall x1 |
| 1:39 | Reinhardlunsen · wall_segment Palisade Wall x1 |
| 1:41 | Reinhardlunsen · wall_segment Palisade Wall x1 |
| 2:55 | Reinhardlunsen · first_building Dock |
| 4:11 | Ther · wall_segment Palisade Wall x1 |
| 4:18 | Ther · wall_segment Palisade Wall x1 |
| 8:20 | sunSmit · wall_segment Palisade Wall x4 |
| 8:57 | sunSmit · wall_segment Palisade Wall x1 |
| 9:26 | Ther · wall_segment Palisade Wall x1 |
| 9:55 | Ther · wall_segment Palisade Wall x1 |
| 10:35 | Ther · wall_segment Palisade Wall x1 |
| 11:02 | ✩ Lancelot Knight ✩ · first_building Barracks |
| 11:41 | ✩ Lancelot Knight ✩ · age_up feudal |
| 11:44 | Ther · wall_segment Palisade Wall x1 |
| 11:59 | Cabito1998 · age_up feudal |
| 12:31 | Reinhardlunsen · first_building Barracks |
| 12:48 | SAMEDO · age_up feudal |
| 13:00 | Reinhardlunsen · age_up feudal |
| 13:00 | Ivan_fan_of_Mafusail · age_up feudal |
| 13:21 | HousedAt15 · age_up feudal |
| 13:28 | Reinhardlunsen · first_building Archery Range |
| 14:12 | sunSmit · age_up feudal |
| 14:18 | Ivan_fan_of_Mafusail · first_market_sell 100 wood |
| 14:24 | Ther · age_up feudal |
| 14:35 | ✩ Lancelot Knight ✩ · first_building Stable |
| 16:17 | Ivan_fan_of_Mafusail · first_building Barracks |
| 16:32 | Cabito1998 · age_up castle |
| 17:00 | Ivan_fan_of_Mafusail · age_up castle |
| 17:07 | HousedAt15 · age_up castle |
| 17:11 | HousedAt15 · first_building Castle |
| 17:12 | Ivan_fan_of_Mafusail · first_building Siege Workshop |
| 17:35 | Reinhardlunsen · age_up castle |
| 17:54 | Ther · age_up castle |
| 18:29 | sunSmit · age_up castle |
| 19:10 | sunSmit · first_market_buy 100 wood |
| 19:22 | HousedAt15 · first_market_sell 100 wood |
| 19:33 | sunSmit · wall_segment Palisade Wall x1 |
| 19:43 | sunSmit · wall_segment Palisade Wall x3 |
| 19:46 | SAMEDO · first_market_sell 100 wood |
| 19:47 | SAMEDO · first_market_buy 100 food |
| 20:03 | Cabito1998 · first_market_buy 100 food |
| 20:19 | Ivan_fan_of_Mafusail · wall_segment Palisade Wall x13 |
| 20:25 | Ther · first_building Castle |
| 20:37 | sunSmit · first_market_sell 100 food |
| 21:49 | Ther · first_market_buy 100 stone |
| 21:56 | Reinhardlunsen · first_building Siege Workshop |
| 21:58 | Ivan_fan_of_Mafusail · first_building Monastery |
| 22:41 | SAMEDO · age_up castle |
| 23:18 | Ther · wall_segment Palisade Wall x1 |
| 23:44 | ✩ Lancelot Knight ✩ · first_market_sell 100 food |
| 24:43 | Reinhardlunsen · wall_segment Stone Wall x4 |
| 24:44 | Reinhardlunsen · wall_segment Stone Wall x4 |
| 24:47 | Reinhardlunsen · wall_segment Stone Wall x5 |
| 24:48 | Reinhardlunsen · wall_segment Stone Wall x3 |
| 25:38 | Cabito1998 · first_building Castle |
| 26:25 | ✩ Lancelot Knight ✩ · age_up castle |
| 27:22 | Reinhardlunsen · wall_segment Stone Wall x3 |
| 27:23 | Reinhardlunsen · wall_segment Stone Wall x1 |
| 27:24 | Reinhardlunsen · wall_segment Stone Wall x1 |
| 27:25 | Reinhardlunsen · wall_segment Stone Wall x2 |
| 27:26 | Reinhardlunsen · wall_segment Stone Wall x1 |
| 27:47 | SAMEDO · first_building Barracks |
| 28:36 | SAMEDO · wall_segment Palisade Wall x1 |
| 29:06 | SAMEDO · wall_segment Stone Wall x1 |
| 29:09 | SAMEDO · wall_segment Stone Wall x1 |
| 29:12 | SAMEDO · wall_segment Stone Wall x1 |
| 29:16 | SAMEDO · wall_segment Stone Wall x1 |
| 29:18 | SAMEDO · wall_segment Stone Wall x1 |
| 29:28 | Cabito1998 · first_building Barracks |
| 29:30 | SAMEDO · first_building Archery Range |
| 29:46 | Ivan_fan_of_Mafusail · first_building Archery Range |
| 29:47 | Ther · first_building Barracks |
| 30:16 | Cabito1998 · first_building Stable |
| 30:39 | SAMEDO · wall_segment Palisade Wall x1 |
| 30:47 | SAMEDO · wall_segment Palisade Wall x1 |
| 30:51 | SAMEDO · wall_segment Palisade Wall x1 |
| 30:54 | SAMEDO · wall_segment Palisade Wall x1 |
| 31:11 | Ther · first_market_sell 500 wood |
| 31:23 | ✩ Lancelot Knight ✩ · first_building Castle |
| 31:35 | Reinhardlunsen · first_market_sell 100 food |
| 31:45 | ✩ Lancelot Knight ✩ · first_market_buy 100 stone |
| 31:57 | Ther · first_building Stable |
| 32:03 | sunSmit · first_building Barracks |
| 32:11 | HousedAt15 · first_market_buy 100 stone |
| 32:23 | Cabito1998 · age_up imperial |
| 32:32 | Reinhardlunsen · tribute_sent a jugador 1 |
| 32:32 | Reinhardlunsen · tribute_sent a jugador 2 |
| 32:32 | Reinhardlunsen · tribute_sent a jugador 3 |
| 32:32 | Reinhardlunsen · tribute_sent a jugador 4 |
| 32:33 | Reinhardlunsen · tribute_sent a jugador 5 |
| 32:33 | Reinhardlunsen · tribute_sent a jugador 6 |
| 32:33 | Reinhardlunsen · tribute_sent a jugador 8 |
| 32:36 | Cabito1998 · first_market_sell 100 food |
| 32:48 | SAMEDO · first_building Castle |
| 33:06 | Reinhardlunsen · first_market_buy 100 stone |
| 33:08 | Reinhardlunsen · first_building Castle |
| 33:59 | HousedAt15 · first_building Barracks |
| 34:09 | sunSmit · first_building Siege Workshop |
| 34:53 | sunSmit · first_building Monastery |
| 35:37 | Reinhardlunsen · age_up imperial |
| 36:04 | sunSmit · first_building Stable |
| 37:25 | ✩ Lancelot Knight ✩ · first_building Monastery |
| 38:10 | sunSmit · age_up imperial |
| 38:32 | ✩ Lancelot Knight ✩ · age_up imperial |
| 38:32 | Ther · resign |
| 39:33 | HousedAt15 · age_up imperial |
| 40:01 | Ivan_fan_of_Mafusail · age_up imperial |
[ ANÁLISIS IA · 1 CRÉDITO ]
¿Qué pasó realmente en esta partida?
Wolo.gg analiza cada decisión: build order, eco, micro, errores típicos por bracket. Análisis personalizado por WhatsApp o Discord en 30 segundos.
Guía civ
Shu
Perfil
Jugador #1071043